 Dungeon Crawl Stone Soup version 0.23.1 (webtiles) character file.

Game seed: 12056282543049204596

58 glosham the Conjurer (level 3, -1/31 HPs)
             Began as a Centaur Conjurer on Mar 1, 2019.
             Succumbed to a gnoll's poison
             ... on level 1 of the Dungeon.
             The game lasted 00:07:43 (727 turns).

glosham the Conjurer (Centaur Conjurer)              Turns: 727, Time: 00:07:44

Health: -1/31      AC:  8    Str: 11    XL:     3   Next: 76%
Magic:  5/5        EV:  8    Int: 16    God:
Gold:   19         SH:  0    Dex:  9    Spells: 4/5 levels left

rFire    . . .     SeeInvis .   a - +0 halberd
rCold    . . .     Gourm    .   (shield currently unavailable)
rNeg     . . .     Faith    .   X - +0 ring mail (curse)
rPois    .         Spirit   .   U - +2 helmet
rElec    .         Reflect  .   (no cloak)
rCorr    .         Harm     .   (no gloves)
MR       .....                  (no barding)
Stlth    ..........             (no amulet)
HPRegen  0.10/turn              (no ring)
MPRegen  0.09/turn              (no ring)

@: lethally poisoned (-1 -> -12), berserk cooldown, slowed
A: large, hooves 3, clever 1, deformed body, speed 2, mutation resistance 1,
tough skin 3
a: no special abilities


You were on level 1 of the Dungeon.
You were not hungry.

You visited 1 branch of the dungeon, and saw 2 of its levels.

You collected 19 gold pieces.

Inventory:

Hand Weapons
 a - a +0 halberd (weapon)
 b - a +0 short sword
 j - a +1 whip of venom
Missiles
 g - 30 stones (quivered)
Armour
 c - a +0 robe
 h - a +2 hat
 U - a +2 helmet (worn)
 X - a cursed +0 ring mail (worn)
Comestibles
 d - 9 chunks of flesh
 e - 2 rations


   Skills:
 * Level 3.5 Fighting
 - Level 1.3 Dodging
 - Level 1.1 Stealth
 - Level 1.5 Spellcasting
 - Level 3.6 Conjurations


You had 4 spell levels left.
You knew the following spells:

 Your Spells              Type           Power        Failure   Level  Hunger
x - Magic Dart            Conj           ##..         12%         1    ##.....

Your spell library contained the following spells:

 Spells                   Type           Power        Failure   Level  Hunger
 Searing Ray              Conj           ##....       19%         2    ###....
 Dazzling Spray           Conj/Hex       #.....       58%         3    ####...
 Iskenderun's Mystic Bla  Conj           ##......     77%         4    #####..
 Force Lance              Conj/Tloc      #.......     94%         4    #####..
 Fulminant Prism          Conj/Hex       #.........   94%         4    #####..


Dungeon Overview and Level Annotations

Branches:
Dungeon (2/15)

Altars:


Innate Abilities, Weirdness & Mutations

You have hooves in place of feet.
Armour fits poorly on your strangely shaped body.
You cover ground very quickly.
You have extremely tough skin. (AC +3)
Your mind is acute. (Int +2)
You are somewhat resistant to further mutation.


Message History

Things that are here:
a +1 whip of venom; 3 chunks of flesh; a gnoll skeleton
j - a +1 whip of venom;
d - 9 chunks of flesh (gained 3)
You feel sick.
You feel sick.
There is a stone staircase leading up here.
You feel sick.
You climb upwards.
* * * LOW HITPOINT WARNING * * *
You feel very sick.
There is a stone staircase leading down here.
Okay, then.
There is a lethal amount of poison in your body!
It was a potion of berserk rage.
A red film seems to cover your vision as you go berserk!
You feel yourself moving faster!
You feel mighty!
* * * LOW HITPOINT WARNING * * *
You feel sick.
There is a lethal amount of poison in your body!
You feel a strong urge to attack something.
* * * LOW HITPOINT WARNING * * *
You feel sick.
* * * LOW HITPOINT WARNING * * *
You feel sick.
You feel your anger nearly subside.
* * * LOW HITPOINT WARNING * * *
You feel sick.
You are no longer berserk.
You pass out from exhaustion.
You feel yourself slow down.
* * * LOW HITPOINT WARNING * * *
You feel sick.
* * * LOW HITPOINT WARNING * * *
You feel sick.
You can move again.
It was a potion of mutation.
You feel extremely strange.
You feel clever.
You feel genetically stable.
* * * LOW HITPOINT WARNING * * *
You feel sick.
You die...

# #..#.#..............# #.##.#
#..#.#.####...#####.#####.##.#
#....#.# ##..............##.#
##.....# #..#####.########.#
####### #..# #.# #.. #..# #.#
### #..# #.# #######
#..#####.# ......# #รท@......#
#####.# ##)#######
#.##########.# #............#
##############


There were no monsters in sight!

Vanquished Creatures
  An adder (D:1)
  3 gnolls
  2 dart slugs (D:1)
  A leopard gecko (D:1)
  4 jackals (D:1)
  2 bats
  3 goblins (D:1)
  A kobold (D:2)
  2 rats
19 creatures vanquished.

Notes
Turn   | Place    | Note
-------+----------+-------------------------------------------
     0 | D:1      | glosham the Centaur Conjurer began the quest for the Orb.
     0 | D:1      | Reached XP level 1. HP: 14/14 MP: 3/3
   157 | D:1      | Reached skill level 1 in Fighting
   193 | D:1      | Reached XP level 2. HP: 14/24 MP: 0/4
   395 | D:1      | Reached skill level 2 in Fighting
   609 | D:1      | Reached XP level 3. HP: 28/30 MP: 2/5
   652 | D:1      | Reached skill level 3 in Fighting
   724 | D:1      | HP: 3/31 [poisoned by a gnoll]
   726 | D:1      | Gained mutation: Your mind is acute. (Int +2) [potion of
                  | mutation]
   726 | D:1      | Gained mutation: You are somewhat resistant to further
                  | mutation. [potion of mutation]
   726 | D:1      | HP: 1/31 [poisoned by a gnoll]
   727 | D:1      | Succumbed to a gnoll's poison

Skill      XL: |  1  2  3 |
---------------+----------+-----
Fighting       | 1 2 3 |  3.5
Dodging        | |  1.3
Stealth        | |  1.1
Spellcasting   | |  1.5
Conjurations   | |  3.6

Action                   || total
-------------------------++-------
Melee: Short sword       ||    24
       Kick              ||     7
       Halberd           ||     7
 Cast: Magic Dart        ||    20
  Use: Potion            ||     2
Armor: Ring mail         ||    21
Dodge: Dodged            ||    13

Table legend:
 A = Turns spent in this place as a percentage of turns spent in the entire game.
 B = Non-inter-level travel turns spent in this place as a percentage of non-inter-level travel turns spent in the entire game.
 C = Inter-level travel turns spent in this place as a percentage of turns spent in this place.
 D = Turns resting spent in this place as a percentage of non-inter-level travel turns spent in this place.
 E = Turns spent auto-exploring this place as a percentage of non-inter-level travel turns spent in this place.
 F = Non-inter-level travel turns spent in this place divided by the number of levels of this place that you've seen.
                   A       B       C       D       E      F
               +-------+-------+-------+-------+-------+----------------------
         Total | 100.0 | 100.0 |   5.0 |  10.9 |   4.1 | 345.5
       Dungeon | 100.0 | 100.0 |   5.0 |  10.9 |   4.1 | 345.5
               +-------+-------+-------+-------+-------+----------------------

Table legend:
 A = Kills in this place as a percentage of kills in entire the game.
 B = Kills by you in this place as a percentage of kills by you in the entire game.
 C = Kills by friends in this place as a percentage of kills by friends in the entire game.
 D = Other kills in this place as a percentage of other kills in the entire game.
 E = Experience gained in this place as a percentage of experience gained in the entire game.
 F = Experience gained in this place divided by the number of levels of this place that you have seen.
                   A       B       C       D       E      F
               +-------+-------+-------+-------+-------+----------------------
         Total | 100.0 | 100.0 |   N/A |   N/A | 100.0 |  42.0
       Dungeon | 100.0 | 100.0 |   N/A |   N/A | 100.0 |  42.0
               +-------+-------+-------+-------+-------+----------------------

Levels and vault maps discovered:
D:1:      dpeg_arrival_rooms_a, layout_loops_ring, serial_park_tiny_pond
D:2:      layout_loops_ring, lemuel_blue_sif_altar, uniq_crazy_yiuf_cottage
